AoeStats
← name_632

Nomad

508100868Analyzed
3v3 RM · 11d ago on Sep 20, 2026· 72m 10s· 6 players
Game mode
Random Map
Map size
210×210
Population
200
Speed
Normal
Resources
Standard
Victory
Conquest
Starting age
Dark Age
Ending age
Imperial Age
RankedLock teamsTeams togetherTeam positionsShared explorationLock speedFull tech treeHidden civsTurbo modeCheats
Victory
Defeat
🇦🇷 Portuguese · Argentina
928
+13
🇦🇷 Burmese · Argentina
919
+13
🇦🇷 Goths · Argentina
819
+18
🇦🇷 Bulgarians · Argentina
1012
-20
🇲🇽 Japanese · Mexico
948
-18
🇨🇴 Spanish · Colombia
617
-6
micrsfteslopeor
8:42 Loom
14:29 Feudal Age
18:30 Forging
18:20 Scale Mail Armor
18:11 Arson
19:27 Wheelbarrow
18:38 Town Watch
20:19 Double-Bit Axe
20:44 Fishing Lines
24:46 Castle Age
24:12 Fletching
Caligula
3:31 Loom
15:21 Feudal Age
16:11 Double-Bit Axe
17:04 Wheelbarrow
16:14 Town Watch
16:21 Horse Collar
18:07 Fishing Lines
22:38 Bloodlines
28:05 Castle Age
27:21 Stone Mining
27:22 Gold Mining
28:48 Heavy Plow
29:02 Bow Saw
29:53 Gillnets
30:37 Husbandry
29:57 Light Cavalry
32:02 Hand Cart
33:07 Town Patrol
35:47 Stone Shaft Mining
38:23 Murder Holes
38:46 Pikeman
39:27 Squires
42:58 Imperial Age
41:32 Masonry
44:53 Chemistry
44:24 Architecture
45:20 Two-Man Saw
44:20 Halberdier
45:19 Elite Cannon Galleon
50:45 Cavalier
50:46 Hussar
53:55 Paladin
57:51 Hoardings
56:38 Elite Conquistador
58:44 Conscription
61:52 Paladin
64:18 Conscription
69:35 Inquisition
69:05 Sappers
69:56 Supremacy
72:00 Scale Barding Armor
71:55 Scale Mail Armor
72:06 Forging
fabreprit
7:31 Loom
13:32 Feudal Age
16:25 Double-Bit Axe
16:32 Horse Collar
23:53 Castle Age
22:08 Stone Mining
22:11 Gold Mining
27:45 Scale Mail Armor
27:55 Forging
28:41 Fletching
29:27 Iron Casting
30:37 Bow Saw
40:41 Imperial Age
38:23 Padded Archer Armor
40:11 Wheelbarrow
40:44 Elite Skirmisher
44:46 Chemistry
44:07 Leather Archer Armor
48:41 Ring Archer Armor
48:35 Ballistics
51:18 Blast Furnace
50:50 Conscription
50:17 Pikeman
50:59 Squires
51:22 Bodkin Arrow
62:07 Elite Samurai
65:19 Halberdier
name_632
3:28 Loom
14:30 Feudal Age
18:52 Castle Age
16:40 Town Watch
17:54 Double-Bit Axe
20:15 Pikeman
31:39 Ballistics
32:37 Wheelbarrow
38:35 Bow Saw
38:34 Fishing Lines
42:14 Imperial Age
43:57 Conscription
48:42 Hand Cart
54:50 Medium Warships
60:10 Heavy Warships
60:11 Arquebus
60:26 Siphons
61:34 Chemistry
68:15 Town Patrol
71:40 Gold Mining
Gzos
8:09 Loom
18:00 Feudal Age
19:18 Town Watch
25:20 Castle Age
29:42 Forging
29:40 Scale Barding Armor
31:01 Iron Casting
34:03 Chain Barding Armor
33:57 Bloodlines
34:29 Husbandry
36:06 Manipur Cavalry
39:25 Fletching
39:30 Gold Mining
39:26 Horse Collar
42:00 Heavy Plow
49:00 Imperial Age
48:43 Pikeman
49:24 Squires
49:12 Arson
50:31 Wheelbarrow
50:37 Conscription
52:48 Halberdier
53:53 Scale Mail Armor
54:56 Blast Furnace
53:48 Capped Ram
55:30 Chain Mail Armor
58:01 Medium Warships
60:10 Plate Mail Armor
65:00 Crop Rotation
65:08 Plate Barding Armor
64:29 Bodkin Arrow
65:11 Elite Arambai
65:57 Howdah
IronOne
5:31 Loom
16:02 Feudal Age
16:34 Double-Bit Axe
22:20 Wheelbarrow
21:32 Horse Collar
23:23 Man-at-Arms
27:36 Castle Age
29:04 Bow Saw
29:08 Pikeman
31:56 Heavy Plow
37:19 Anarchy
43:10 Imperial Age
48:12 Halberdier
48:53 Squires
50:58 Crop Rotation
51:32 Two-Man Saw
57:07 Perfusion
63:57 Scale Mail Armor
67:48 Long Swordsman
71:57 Hand Cart
Connection lost

Rejoining the realm…

Still unreachable

The connection could not be restored.

Session expired

The server has moved on; the page needs a fresh start.